 Dungeon Crawl Stone Soup version 0.31-a0-986-g5e6e4ef867 (webtiles) character file.

Game seed: 2112072600600432614

11162 Dittersdorf the Fighter (level 11, -1/109 HPs)
             Began as a Gargoyle Fighter on Nov 3, 2023.
             Was an Initiate of Gozag.
             Slain by a two-headed ogre
             ... wielding a +1 great mace of flaming
              (6 damage)
             ... while paralysed by an ogre mage
             ... in a volcano on Nov 6, 2023.
             The game lasted 00:13:15 (10503 turns).

Dittersdorf the Fighter (Gargoyle Fighter)         Turns: 10503, Time: 00:13:16

Health: -1/109     AC: 22    Str: 29    XL:     11   Next: 73%
Magic:  11/11      EV:  2    Int: 13    God:    Gozag
Gold:   1116       SH:  0    Dex:  9    Spells: 10/10 levels left

rFire   . . .        v - +8 flail "Kumuy" {venom, rN+ Will- rCorr Int+3}
rCold   . . .        c - +0 buckler
rNeg    + + .        s - +0 chain mail
rPois   ∞            (no helmet)
rElec   +            p - +0 cloak
rCorr   +            b - +0 pair of gloves
SInv    .            (no boots)
Will    .....        i - amulet of the acrobat
Stlth   x              - +5 ring of evasion
HPRegen 0.38/turn    C - +6 ring of strength
MPRegen 0.12/turn

%: acrobat
@: paralysed, berserking (expiring), gold aura
A: sickness immunity, AC +8, negative energy resistance 1, electricity
resistance, torment resistance 1, petrification resistance
a: Renounce Religion, Potion Petition, Call Merchant, Bribe Branch


You were in a volcano.
You worshipped Gozag.
Gozag was most pleased with you.
You visited 3 branches of the dungeon, and saw 12 of its levels.
You also visited: Volcano.

You collected 2048 gold pieces.
You spent 550 gold pieces at shops.
You paid 382 gold pieces to Gozag.

Inventory:

Hand Weapons
 v - the +8 flail "Kumuy" (weapon) {venom, rN+ Will- rCorr Int+3}
   (You bought it in a shop on level 4 of the Dungeon)

   Int+3:     It affects your intelligence (+3).
   rN+:       It protects you from negative energy.
   Will-:     It decreases your willpower.
   rCorr:     It protects you from acid and corrosion.
 z - a +0 antimagic morningstar
Armour
 b - a +0 pair of gloves (worn)
 c - a +0 buckler (worn)
 p - a +0 cloak (worn)
 s - a +0 chain mail (worn)
 A - a +0 plate armour
Jewellery
 i - an amulet of the acrobat (around neck)
 q - a ring of ice
 x - a +5 ring of evasion (left hand)
 y - a ring of positive energy
 B - an amulet of reflection
 C - a +6 ring of strength (right hand)
Wands
 l - a wand of light (2)
 u - a wand of flame (25) (quivered)
 w - a wand of iceblast (9)
Scrolls
 e - a scroll of enchant weapon
 f - 3 scrolls of teleportation
 g - a scroll of poison
 k - a scroll of revelation
Potions
 a - 3 potions of heal wounds
 d - 2 potions of might
 h - 3 potions of berserk rage
 j - a potion of resistance
 m - a potion of enlightenment {unknown}
 n - a potion of brilliance
 o - 5 potions of curing
 r - 4 potions of haste
 t - 2 potions of ambrosia {unknown}


   Skills:
 + Level 10.6 Fighting
 + Level 9.5 Maces & Flails
 + Level 10.6 Armour
 + Level 10.6 Shields


You had 10 spell levels left.
You didn't know any spells.
Your spell library contained the following spells:

 Spells                   Type           Power      Damage    Failure   Level
 Slow                     Hex            0%         N/A       75%         1
 Wereblood                Tmut           0%         N/A       86%         2
 Call Canine Familiar     Summ           0%         N/A       98%         3
 Confusing Touch          Hex            0%         N/A       98%         3
 Sigil of Binding         Hex            0%         N/A       98%         3
 Tukima's Dance           Hex            0%         N/A       98%         3
 Vampiric Draining        Necr           0%         2d6       98%         3
 Dimensional Bullseye     Hex/Tloc       0%         N/A       100%        4
 Leda's Liquefaction      Hex/Erth       0%         N/A       100%        4
 Passage of Golubria      Tloc           0%         N/A       100%        4
 Summon Forest            Summ/Tloc      0%         N/A       100%        5
 Summon Mana Viper        Hex/Summ       0%         N/A       100%        5
 Yara's Violent Unravell  Hex/Tmut       0%         3d3       100%        5
 Summon Cactus Giant      Summ           0%         N/A       100%        6
 Haunt                    Necr/Summ      0%         N/A       100%        7
 Summon Hydra             Summ           0%         N/A       100%        7
 Infestation              Necr           0%         N/A       100%        8
 Sublimation of Blood     Necr           Unusable   N/A       N/A         2
 Animate Dead             Necr           Unusable   N/A       N/A         4

Dungeon Overview and Level Annotations

Branches:
Dungeon (10/15)            Temple (1/1) D:5            Lair (1/5) D:10
    Orc (0/2) D:10        Volcano (1/1)

Altars:
Ashenzari
Cheibriados
Dithmenos
Elyvilon
Fedhas
Gozag
Hepliaklqana
Kikubaaqudgha
Makhleb
Nemelex Xobeh
Okawaru
Qazlal
Ru
Sif Muna
Trog
Uskayaw
Vehumet
Wu Jian
Xom
Yredelemnul
Zin
The Shining One

Shops:
D:3 ?   D:4 (:   D:6 *   D:7 *((   D:8 !   D:10 *

Annotations:
D:10 exclusion: ice statue


Innate Abilities, Weirdness & Mutations

You are immune to sickness and miasma.
Your stone body is resilient. (AC +8)
You are immune to poison.
You resist negative energy. (rN+)
You are resistant to electric shocks. (rElec)
You are resistant to unholy torment.
You are immune to petrification.


Message History

You block the two-headed ogre's attack.
The two-headed ogre completely misses you.
You sock the two-headed ogre!
The two-headed ogre looks as sick as possible!
The two-headed ogre is severely wounded.
You block the two-headed ogre's attack. The two-headed ogre misses you.
You sock the two-headed ogre!
You kill the two-headed ogre!
The two-headed ogre hits you with a +1 great mace of flaming.
The two-headed ogre burns you.
The two-headed ogre hits you but does no damage.
You hit the two-headed ogre.
The two-headed ogre is lightly wounded.
You bludgeon the two-headed ogre!!
The two-headed ogre looks as sick as possible!
The two-headed ogre is moderately wounded.
The two-headed ogre closely misses you. The two-headed ogre barely misses you.
You hear some strange, mumbled words.
You suddenly lose the ability to move!
The air gets thick with the scent of sulphur.
The two-headed ogre hits you but does no damage. x2
The hell knight invokes the aid of its god against you.
The bolt of fire hits you!!
The two-headed ogre hits you but does no damage.
The two-headed ogre hits you with a +0 giant club of flaming!
The two-headed ogre burns you.
The two-headed ogre hits you with a +1 great mace of flaming.
The two-headed ogre burns you.
The two-headed ogre hits you but does no damage.
Something hits you but does no damage.
In the distance, the volcano erupts with a roar.
The two-headed ogre hits you with a +1 great mace of flaming!!
* * * LOW HITPOINT WARNING * * *
The two-headed ogre burns you.
* * * LOW HITPOINT WARNING * * *
The two-headed ogre hits you with a +0 giant club of flaming!
* * * LOW HITPOINT WARNING * * *
The two-headed ogre burns you.
You die...
Your body crumbles into a pile of gold.

#8...8#
#.....#
#.....#
#8...8#
#.....#
#..p..#
#8.{.8#
##.$O##
##@##
###


You could see a hell knight and a two-headed ogre (fast, very poisoned).

Vanquished Creatures
  Josephine (D:10)
  2 two-headed ogres (Volcano)
  An ugly thing (D:10)
  2 black mambas (Lair:1)
  A cane toad (Lair:1)
  A komodo dragon (Lair:1)
  A hornet (D:8)
  A wyvern (D:10)
  5 wraiths (D:10)
  13 yaks
  3 steam dragons
  3 vampire mosquitoes (D:8)
  3 wargs (D:10)
  3 water moccasins
  4 orc warriors
  An ice beast (D:6)
  2 centaurs (D:8)
  2 phantoms
  2 kobold brigands
  4 bullfrogs
  A gnoll sergeant (D:10)
  2 scorpions
  7 wights
  9 killer bees
  4 howler monkeys
  2 hounds
  2 jellies
  11 orc priests
  Crazy Yiuf (D:2)
  A gnoll bouda (D:8)
  3 iguanas
  A sleepcap (D:6)
  8 orc wizards
  13 adders
  18 gnolls
  A shadow imp (D:6)
  A white imp (D:7)
  2 ufetubi (D:7)
  3 dart slugs
  28 orcs
  3 endoplasms
  4 giant cockroaches
  7 hobgoblins
  10 jackals
  13 kobolds
  3 quokkas
  6 ball pythons
  6 bats
  4 frilled lizards
  11 goblins
  3 rats
243 creatures vanquished.

Vanquished Creatures (others)
  An orc wizard (D:6)
  A gnoll (D:8)
2 creatures vanquished.

Grand Total: 245 creatures vanquished

Notes
Turn   | Place    | Note
-------+----------+-------------------------------------------
     0 | D:1      | Dittersdorf the Gargoyle Fighter began the quest for the
                  | Orb.
     0 | D:1      | Reached XP level 1. HP: 14/14 MP: 1/1
   135 | D:1      | Reached XP level 2. HP: 19/19 MP: 2/2
   529 | D:1      | Reached XP level 3. HP: 23/23 MP: 3/3
   604 | D:1      | Found a faded altar of an unknown god.
   736 | D:1      | You fall into a shaft and drop 1 floor!
  1008 | D:2      | Found a runed translucent door.
  1009 | D:2      | Noticed Crazy Yiuf
  1391 | D:2      | Killed Crazy Yiuf
  1392 | D:2      | Reached XP level 4. HP: 14/29 MP: 1/4
  1938 | D:3      | Found a sacrificial altar of Ru.
  1968 | D:3      | Found Itehehomp's Magic Scroll Boutique.
  2212 | D:3      | Reached XP level 5. HP: 32/33 MP: 5/5
  2703 | D:4      | Found Moub's Antique Weapon Emporium.
  3345 | D:4      | Found Zing's Book Shop.
  3556 | D:5      | Entered Level 5 of the Dungeon
  3599 | D:5      | Reached XP level 6. HP: 19/39 MP: 6/6
  3816 | D:5      | Found a staircase to the Ecumenical Temple.
  3909 | Temple   | Entered the Ecumenical Temple
  3920 | Temple   | Became a worshipper of Gozag Ym Sagoz the Greedy
  4044 | D:5      | Found a hazy altar of Hepliaklqana.
  4210 | D:5      | Reached skill level 5 in Fighting
  4210 | D:5      | Reached skill level 5 in Armour
  4210 | D:5      | Reached skill level 5 in Shields
  4400 | D:5      | Found a snail-covered altar of Cheibriados.
  4432 | D:5      | Reached XP level 7. HP: 44/44 MP: 7/7
  4648 | D:4      | Bought an ebony flail for 263 gold pieces
  4648 | D:4      | Identified the +8 flail "Kumuy" {venom, rN+ Will- rCorr
                  | Int+3} (You bought it in a shop on level 4 of the Dungeon)
  5155 | D:6      | Found Liebymiat's Neck Hole.
  5217 | D:6      | Reached XP level 8. HP: 51/51 MP: 8/8
  5309 | D:6      | Found a white marble altar of Elyvilon.
  5529 | D:4      | Bought a glowing morningstar for 217 gold pieces
  5611 | D:7      | Found Buem's Weapon Boutique.
  5632 | D:7      | Reached skill level 5 in Maces & Flails
  5680 | D:7      | Found Juteet's General Store.
  5711 | D:7      | Found Wisohuagg's Antique Weapon Shop.
  5749 | D:7      | Found a hide-covered altar of Uskayaw.
  5753 | D:7      | Found a glowing silver altar of Zin.
  6502 | D:8      | Found Ytiec's Distillery.
  6531 | D:8      | Reached XP level 9. HP: 44/56 MP: 9/9
  6542 | D:8      | Bought a potion of heal wounds for 70 gold pieces
  6696 | D:8      | HP: 2/57 [gnoll/+0 spear[a gnoll bouda] (2)]
  7153 | D:8      | Found a burning altar of Makhleb.
  7657 | D:9      | Noticed a hornet
  7700 | D:8      | Killed a hornet
  7714 | D:8      | Reached XP level 10. HP: 57/64 MP: 10/10
  7765 | D:9      | Identified the +0 war axe of Nusmogg {drain, Will+}
  8478 | D:10     | Entered Level 10 of the Dungeon
  9122 | D:10     | Found a staircase to the Lair.
  9467 | D:10     | Found a staircase to the Orcish Mines.
  9592 | D:10     | Reached XP level 11. HP: 64/71 MP: 11/11
  9692 | D:10     | Found a sparkling altar of Nemelex Xobeh.
  9698 | D:10     | Noticed a green ugly thing
  9709 | D:10     | Killed a green ugly thing
  9766 | D:10     | Noticed Josephine
  9773 | D:10     | Killed Josephine
  9774 | D:10     | Reached skill level 10 in Fighting
  9774 | D:10     | Reached skill level 10 in Shields
  9791 | D:10     | Reached skill level 10 in Armour
  9952 | D:10     | Found Xafid's CLEARANCE SALE!.
 10199 | Lair:1   | Entered Level 1 of the Lair of Beasts
 10397 | Lair:1   | Noticed a lindwurm
 10397 | Lair:1   | Found a dark tunnel.
 10411 | Volcano  | Entered a volcano
 10454 | Volcano  | Noticed an ogre mage
 10455 | Volcano  | Paralysed by an ogre mage for 5 turns
 10463 | Volcano  | Found a radiant altar of Vehumet.
 10464 | Volcano  | Noticed a two-headed ogre
 10465 | Volcano  | Noticed a two-headed ogre
 10465 | Volcano  | Noticed a hell knight
 10465 | Volcano  | Noticed a two-headed ogre
 10471 | Volcano  | Killed a two-headed ogre
 10497 | Volcano  | Killed a two-headed ogre
 10499 | Volcano  | Paralysed by something for 4 turns
 10503 | Volcano  | HP: 5/109 [two-headed ogre/+1 great mace of flaming (13)]
 10503 | Volcano  | Slain by a two-headed ogre

Illustrated notes

Levels and vault maps discovered:
D:1:      minmay_arrival_jagged, layout_loops_ring,
          shapermc_ecumenical_altar_mp_ritualfount
D:2:      layout_basic, nicolae_figureground_sparkle, uniq_crazy_yiuf_cottage
D:3:      minmay_door_path, layout_basic, mainiacjoe_overflow_alcove_4,
          serial_corexii_hall, corexii_hall_statues_x, corexii_hall_statues_l,
          corexii_hall_statues_deadend, chequers_hall_statues_wall_a,
          serial_shops, shop, saegor_snake_ambush
D:4:      layout_gridville, serial_shops, nicolae_book_shop_shelving, shop
D:5:      layout_loops_ring, amcnicky_altar_gilded, kennysheep_little_box,
          minmay_temple_entry_hall, sigmund_army
D:6:      layout_basic, old_standard_altar, nicolae_shop_sticking_my_neck_out
D:7:      layout_gridville, mainiacjoe_overflow_big_doors, serial_shops,
          nicolae_shop_behind_doors, shop, shop, nicolae_figureground_pulse
D:8:      layout_layer_cave, kennysheep_mini, serial_shops, shop,
          chequers_serial_rivers_micro_e
D:9:      layout_loops_cross
D:10:     layout_roguey, mainiacjoe_overflow_brackets,
          erik_lair_orcish_takeover, hiddenorc1_lemuel, grunt_ministairs_8,
          minivault_15, nicolae_shop_clearance, uniq_josephine
Temple:   nicolae_temple_two_arcs
Lair:1:   layout_chaotic_city, nicolae_volcano_entry_vermiform
Volcano:  kennysheep_volcano_temple

Skill      XL: |  1  2  3  4  5  6  7  8  9 10 11 |
---------------+----------------------------------+-----
Armour         | 4 5 6 8 9 10 | 10.6
Fighting       | 4 5 6 8 9 10 | 10.6
Shields        | 4 5 6 8 9 10 | 10.6
Maces & Flails | 3 4 5 7 8 9 |  9.5

Action                     |  1- 3 |  4- 6 |  7- 9 | 10-12 || total
---------------------------+-------+-------+-------+-------++-------
  Melee: Flail             |   129 |   193 |   280 |   289 ||   891
  Throw: Dart              |     3 |       |       |       ||     3
 Invoke: Potion Petition   |       |       |       |     1 ||     1
  Evoke: Wand              |       |       |       |     5 ||     5
    Use: Scroll            |       |     7 |    10 |     1 ||    18
   Stab: Distracted        |       |       |     1 |     1 ||     2
 Armour: Scale mail        |    88 |   163 |   181 |       ||   432
         Chain mail        |       |       |    63 |   158 ||   221
  Dodge: Dodged            |    68 |   119 |   278 |   202 ||   667
  Block: Buckler           |    24 |    57 |    88 |    71 ||   240

Table legend: (Time is in decaauts)
 A = Elapsed time spent in this place.
 B = Non-inter-level travel time spent in this place.
 C = Inter-level travel time spent in this place.
 D = Time resting spent in this place.
 E = Time spent auto-exploring this place.
 F = Levels seen in this place.
 G = Mean time per level.
                   A        B        C        D        E       F      G
               +--------+--------+--------+--------+--------+-----+--------+
         Total |  10681 |   9881 |    800 |   1125 |   6614 |  13 |  821.6 |
       Dungeon |  10362 |   9562 |    800 |   1086 |   6565 |  10 | 1036.2 |
        Temple |     19 |     19 |      0 |      0 |      0 |   1 |   19.0 |
          Lair |    210 |    210 |      0 |     12 |     49 |   1 |  210.0 |
       Volcano |     89 |     89 |      0 |     27 |      0 |   1 |   89.0 |
               +--------+--------+--------+--------+--------+-----+--------+

Top non-repeatable levels by time:
    D:10: 1665 daAuts
     D:5: 1178 daAuts
     D:3: 1142 daAuts
     D:4: 1121 daAuts
     D:7: 1088 daAuts
     D:8: 1062 daAuts
     D:9: 834 daAuts
     D:1: 772 daAuts
     D:2: 758 daAuts
     D:6: 737 daAuts
  Lair:1: 210 daAuts
 Volcano: 89 daAuts
  Temple: 19 daAuts
